TOP OF THE 1ST |
Houston Hammertime batting - Pitching for Calgary Cowboys : RHP Esteban Castro
|
Pitching: RHP Esteban Castro
|
|
Batting: SHB Carlos Córdova
|
0-0: Ball 1-0: Ball 2-0: Called Strike 2-1: Ball 3-1: Swinging Strike 3-2: Foul Ball, location: 2F 3-2: Base on Balls
|
Batting: LHB Bartolo Villanueva
|
0-0: Ball 1-0: Called Strike 1-1: Foul Ball, location: 2F 1-2: Strikes out looking
|
Batting: RHB Alonso Holguín
|
0-0: Ball Carlos Córdova steals 2nd base 1-0: Ball 2-0: Ball 3-0: Called Strike 3-1: Ground out 6-3 (Groundball, 6) Carlos Córdova to third
|
Batting: RHB Dan Mason
|
0-0: Ball 1-0: Called Strike 1-1: Called Strike 1-2: Ball 2-2: Ball 3-2: Foul Ball, location: 2F 3-2: Foul Ball, location: 2F 3-2: Strikes out swinging
|
Top of the 1st over - 0 run(s), 0 hit(s), 0 error(s), 1 left on base; Houston 0 - Calgary 0 |
BOTTOM OF THE 1ST |
Calgary Cowboys batting - Pitching for Houston Hammertime : RHP Jun Kawashima
|
Pitching: RHP Jun Kawashima
|
|
Batting: LHB Enrico Vargas
|
0-0: Ball 1-0: Ball 2-0: Called Strike 2-1: Ball 3-1: Base on Balls
|
Batting: RHB Jorge Balencia
|
0-0: Ball 1-0: SINGLE (Groundball, 34D) Enrico Vargas to second Throwing error, E9 Enrico Vargas scores Jorge Balencia to second
|
Batting: LHB Greg Nelson
|
0-0: Called Strike 0-1: Foul Ball, location: 2F 0-2: Foul Ball, location: 2F 0-2: Ground out 1-3 (Groundball, P) Jorge Balencia to third
|
Batting: LHB José Liñares
|
0-0: Foul Ball, location: 2F 0-1: Swinging Strike 0-2: Strikes out swinging
|
Batting: RHB Todd Bryant
|
0-0: Ball 1-0: Ball 2-0: Called Strike 2-1: Fly out, F9 (Line Drive, 89XD)
|
Bottom of the 1st over - 1 run(s), 1 hit(s), 1 error(s), 1 left on base; Houston 0 - Calgary 1 |
TOP OF THE 2ND |
Houston Hammertime batting - Pitching for Calgary Cowboys : RHP Esteban Castro
|
Batting: RHB David Hernández
|
0-0: Ball 1-0: Ball 2-0: Called Strike 2-1: SINGLE (Groundball, 56D)
|
Batting: RHB Santo Cruz
|
0-0: Ball 1-0: Ball 2-0: Ground out 6-3 (Groundball, 6S) David Hernández to second
|
Batting: RHB Alberto Chávez
|
0-0: Ball 1-0: Ball 2-0: Ball 3-0: Called Strike 3-1: Fly out, F8 (Flyball, 8LD) Runner from 2nd tags up, SAFE at 3rd, no throw
|
Batting: LHB Fernando Camacho
|
0-0: Ball 1-0: Ground out U3 (Groundball, 34)
|
Top of the 2nd over - 0 run(s), 1 hit(s), 0 error(s), 1 left on base; Houston 0 - Calgary 1 |
BOTTOM OF THE 2ND |
Calgary Cowboys batting - Pitching for Houston Hammertime : RHP Jun Kawashima
|
Batting: RHB Dan Wyatt
|
0-0: Ball 1-0: Foul Ball, location: 2F 1-1: Foul Ball, location: 2F 1-2: Ball 2-2: Ground out 5-3 (Groundball, 5L)
|
Batting: LHB Freddy Herrera
|
0-0: Foul Ball, location: 2F 0-1: Ball 1-1: Foul Ball, location: 2F 1-2: Fly out, F9 (Flyball, 89M)
|
Batting: LHB Miguel Pérez
|
0-0: Ball 1-0: Ball 2-0: Ball 3-0: Called Strike 3-1: Ground out U3 (Groundball, 3)
|
Bottom of the 2nd over - 0 run(s), 0 hit(s), 0 error(s), 0 left on base; Houston 0 - Calgary 1 |
TOP OF THE 3RD |
Houston Hammertime batting - Pitching for Calgary Cowboys : RHP Esteban Castro
|
Batting: RHB José García
|
0-0: Fly out, F4 (Line Drive, 4)
|
Batting: SHB Carlos Córdova
|
0-0: Ball 1-0: Called Strike 1-1: Ball 2-1: Called Strike 2-2: Ball 3-2: Ground out U3 (Groundball, 3L)
|
Batting: LHB Bartolo Villanueva
|
0-0: Called Strike 0-1: Ball 1-1: Foul Ball, location: 2F 1-2: Strikes out swinging
|
Top of the 3rd over - 0 run(s), 0 hit(s), 0 error(s), 0 left on base; Houston 0 - Calgary 1 |
BOTTOM OF THE 3RD |
Calgary Cowboys batting - Pitching for Houston Hammertime : RHP Jun Kawashima
|
Batting: RHB Mario Sánchez
|
0-0: Ball 1-0: Called Strike 1-1: Bunted foul 1-2: Fly out, F8 (Flyball, 8RS)
|
Batting: LHB Enrico Vargas
|
0-0: Called Strike 0-1: Fly out, F8 (Line Drive, 8LD)
|
Batting: RHB Jorge Balencia
|
0-0: Ball 1-0: Ground out 6-3 (Groundball, 6MD)
|
Bottom of the 3rd over - 0 run(s), 0 hit(s), 0 error(s), 0 left on base; Houston 0 - Calgary 1 |
TOP OF THE 4TH |
Houston Hammertime batting - Pitching for Calgary Cowboys : RHP Esteban Castro
|
Batting: RHB Alonso Holguín
|
0-0: Ball 1-0: Ball 2-0: Foul Ball, location: 2F 2-1: Foul Ball, location: 2F 2-2: Ball 3-2: Foul Ball, location: 2F 3-2: Foul Ball, location: 2F 3-2: SINGLE (Groundball, 4MD)
|
Batting: RHB Dan Mason
|
0-0: Ball 1-0: Foul Ball, location: 2F 1-1: Ball 2-1: Foul Ball, location: 2F 2-2: Ball 3-2: Foul Ball, location: 2F 3-2: Ground out 3-1 (Groundball, 3) Alonso Holguín to second
|
Batting: RHB David Hernández
|
0-0: Ball 1-0: Ball 2-0: Called Strike 2-1: Ball 3-1: Called Strike 3-2: Foul Ball, location: 2F 3-2: Ground out 6-3 (Groundball, 6)
|
Batting: RHB Santo Cruz
|
0-0: Called Strike 0-1: Swinging Strike 0-2: Foul Ball, location: 2F 0-2: Foul Ball, location: 2F 0-2: Fly out, F9 (Flyball, 9)
|
Top of the 4th over - 0 run(s), 1 hit(s), 0 error(s), 1 left on base; Houston 0 - Calgary 1 |
BOTTOM OF THE 4TH |
Calgary Cowboys batting - Pitching for Houston Hammertime : RHP Jun Kawashima
|
Batting: LHB Greg Nelson
|
0-0: Called Strike 0-1: Foul Ball, location: 2F 0-2: Foul Ball, location: 2F 0-2: Foul Ball, location: 2F 0-2: Strikes out swinging, 2-3 out at first.
|
Batting: LHB José Liñares
|
0-0: Called Strike 0-1: Ball 1-1: Foul Ball, location: 2F 1-2: Ball 2-2: Foul Ball, location: 2F 2-2: SINGLE (Flyball, 8LS)
|
Batting: RHB Todd Bryant
|
0-0: SINGLE (Line Drive, 3L) José Liñares to second
|
Batting: RHB Dan Wyatt
|
0-0: Ground out 5-3 (Groundball, 5S) José Liñares to third Todd Bryant to second
|
Batting: LHB Freddy Herrera
|
0-0: Called Strike 0-1: Swinging Strike 0-2: Ball 1-2: Ground out 4-3 (Groundball, 4)
|
Bottom of the 4th over - 0 run(s), 2 hit(s), 0 error(s), 2 left on base; Houston 0 - Calgary 1 |
TOP OF THE 5TH |
Houston Hammertime batting - Pitching for Calgary Cowboys : RHP Esteban Castro
|
Batting: RHB Alberto Chávez
|
0-0: Foul Ball, location: 2F 0-1: Ground out 5-3 (Groundball, 56)
|
Batting: LHB Fernando Camacho
|
0-0: SINGLE (Line Drive, 89S)
|
Batting: RHB José García
|
0-0: Fly out, F6 (Line Drive, 6)
|
Batting: SHB Carlos Córdova
|
0-0: Foul Ball, location: 2F 0-1: SINGLE (Groundball, 13S) (infield hit) Fernando Camacho to second
|
Batting: LHB Bartolo Villanueva
|
0-0: Foul Ball, location: 2F 0-1: Ball 1-1: Called Strike 1-2: Ball 2-2: Fly out, F9 (Flyball, 9)
|
Top of the 5th over - 0 run(s), 2 hit(s), 0 error(s), 2 left on base; Houston 0 - Calgary 1 |
BOTTOM OF THE 5TH |
Calgary Cowboys batting - Pitching for Houston Hammertime : RHP Jun Kawashima
|
Batting: LHB Miguel Pérez
|
0-0: SINGLE (Groundball, 34) (infield hit)
|
Batting: RHB Mario Sánchez
|
0-0: Ball 1-0: Ball 2-0: Foul Ball, location: 2F 2-1: Foul Ball, location: 2F 2-2: Fly out, F4 (Popup, 3D)
|
Batting: LHB Enrico Vargas
|
0-0: Called Strike 0-1: Ball 1-1: Ball 2-1: Swinging Strike 2-2: Ball 3-2: Strikes out swinging
|
Batting: RHB Jorge Balencia
|
0-0: Ground out 1-3 (Groundball, 15S)
|
Bottom of the 5th over - 0 run(s), 1 hit(s), 0 error(s), 1 left on base; Houston 0 - Calgary 1 |
TOP OF THE 6TH |
Houston Hammertime batting - Pitching for Calgary Cowboys : RHP Esteban Castro
|
Batting: RHB Alonso Holguín
|
0-0: Called Strike 0-1: Ball 1-1: Ball 2-1: Ball 3-1: Foul Ball, location: 2F 3-2: Base on Balls
|
Batting: RHB Dan Mason
|
0-0: Ball 1-0: Swinging Strike 1-1: Hit by Pitch Alonso Holguín to second
|
Batting: RHB David Hernández
|
0-0: Ball 1-0: Ball 2-0: Foul Ball, location: 2F 2-1: Called Strike 2-2: Ball 3-2: Strikes out swinging
|
Pitching: RHP Bert Killick
|
|
Batting: RHB Santo Cruz
|
0-0: Ball 1-0: Swinging Strike 1-1: Foul Ball, location: 2F 1-2: Ball 2-2: Ground out 5-3 (Groundball, 5) Alonso Holguín to third Dan Mason to second
|
Batting: RHB Alberto Chávez
|
0-0: Called Strike 0-1: Ball 1-1: Foul Ball, location: 2F 1-2: Foul Ball, location: 2F 1-2: Ball 2-2: Strikes out swinging
|
Top of the 6th over - 0 run(s), 0 hit(s), 0 error(s), 2 left on base; Houston 0 - Calgary 1 |
BOTTOM OF THE 6TH |
Calgary Cowboys batting - Pitching for Houston Hammertime : RHP Jun Kawashima
|
Batting: LHB Greg Nelson
|
0-0: Foul Ball, location: 2F 0-1: Ball 1-1: Ball 2-1: Called Strike 2-2: Ball 3-2: Foul Ball, location: 2F 3-2: Foul Ball, location: 2F 3-2: Foul Ball, location: 2F 3-2: Foul Ball, location: 2F 3-2: Ground out 6-3 (Groundball, 6)
|
Batting: LHB José Liñares
|
0-0: Ball 1-0: Called Strike 1-1: Fly out, F6 (Line Drive, 6M)
|
Batting: RHB Todd Bryant
|
0-0: Called Strike 0-1: Foul Ball, location: 2F 0-2: Ball 1-2: Ball 2-2: SINGLE (Groundball, 6MD)
|
Batting: RHB Dan Wyatt
|
0-0: Called Strike 0-1: Called Strike 0-2: Foul Ball, location: 2F 0-2: Strikes out swinging
|
Bottom of the 6th over - 0 run(s), 1 hit(s), 0 error(s), 1 left on base; Houston 0 - Calgary 1 |
TOP OF THE 7TH |
Houston Hammertime batting - Pitching for Calgary Cowboys : RHP Bert Killick
|
Pitching: LHP Alfredo Durán
|
|
Batting: LHB Fernando Camacho
|
0-0: Called Strike 0-1: Fly out, F8 (Flyball, 8RD)
|
Pitching: LHP Takayuki Ine
|
|
Batting: RHB José García
|
0-0: DOUBLE (Line Drive, 89M)
|
Pinch Hitting: RHB Carlos Pérez
|
0-0: Called Strike 0-1: Foul Ball, location: 2F 0-2: Ball 1-2: Ball 2-2: SINGLE (Line Drive, 4MD) José García to third Runner from 3rd tries for Home, SAFE, no throw
|
Pinch Hitting: RHB George Reeves
|
0-0: Ball 1-0: Ball Carlos Pérez is caught stealing 2nd base 2-0: Ball 3-0: Base on Balls
|
Batting: RHB Alonso Holguín
|
0-0: Called Strike George Reeves is caught stealing 2nd base
|
Top of the 7th over - 1 run(s), 2 hit(s), 0 error(s), 0 left on base; Houston 1 - Calgary 1 |
BOTTOM OF THE 7TH |
Calgary Cowboys batting - Pitching for Houston Hammertime : RHP Jun Kawashima
|
Now at SS: Carlos Pérez
|
|
Now in LF: Enrique Valentín
|
|
Batting: LHB Freddy Herrera
|
0-0: Ball 1-0: Called Strike 1-1: Called Strike 1-2: Foul Ball, location: 2F 1-2: Reached via error on a dropped throw, E1
|
Batting: LHB Miguel Pérez
|
0-0: Called Strike 0-1: Bunted foul 0-2: Ball 1-2: Foul Ball, location: 2F 1-2: Ball 2-2: Fly out, F4 (Popup, 4)
|
Batting: RHB Mario Sánchez
|
0-0: Foul Ball, location: 2F 0-1: Called Strike 0-2: Ball 1-2: Ball 2-2: Fielders Choice at 2nd, 6-4 (Groundball, 56)
|
Batting: LHB Enrico Vargas
|
0-0: Ball 1-0: Called Strike 1-1: Foul Ball, location: 2F 1-2: Fly out, F8 (Line Drive, 8RM)
|
Bottom of the 7th over - 0 run(s), 0 hit(s), 1 error(s), 1 left on base; Houston 1 - Calgary 1 |
TOP OF THE 8TH |
Houston Hammertime batting - Pitching for Calgary Cowboys : LHP Takayuki Ine
|
Batting: RHB Alonso Holguín
|
0-0: Called Strike 0-1: Ground out 5-3 (Groundball, 5S)
|
Batting: RHB Dan Mason
|
0-0: Ball 1-0: Foul Ball, location: 2F 1-1: Called Strike 1-2: Strikes out swinging
|
Batting: RHB David Hernández
|
0-0: Ball 1-0: Ball 2-0: Called Strike 2-1: Ball 3-1: Fly out, F8 (Flyball, 78S)
|
Top of the 8th over - 0 run(s), 0 hit(s), 0 error(s), 0 left on base; Houston 1 - Calgary 1 |
BOTTOM OF THE 8TH |
Calgary Cowboys batting - Pitching for Houston Hammertime : RHP Jun Kawashima
|
Batting: RHB Jorge Balencia
|
0-0: Called Strike 0-1: Fly out, F8 (Flyball, 8LM)
|
Batting: LHB Greg Nelson
|
0-0: Ground out U3 (Groundball, 34)
|
Batting: LHB José Liñares
|
0-0: Ball 1-0: SINGLE (Groundball, 5S) (infield hit)
|
Pinch Runner at 1st Ramón Martínez:
|
|
Batting: RHB Todd Bryant
|
0-0: Ball 1-0: Foul Ball, location: 2F 1-1: Foul Ball, location: 2F 1-2: Ball 2-2: Strikes out looking
|
Bottom of the 8th over - 0 run(s), 1 hit(s), 0 error(s), 1 left on base; Houston 1 - Calgary 1 |
TOP OF THE 9TH |
Houston Hammertime batting - Pitching for Calgary Cowboys : LHP Takayuki Ine
|
Pitching: RHP Bernardo Romero
|
|
Now at SS: Ramón Martínez
|
|
Pinch Hitting: LHB Juan Cabañas
|
0-0: Called Strike 0-1: Ground out U3 (Groundball, 3S)
|
Pinch Hitting: LHB Pat Jones
|
0-0: Called Strike 0-1: Foul Ball, location: 2F 0-2: Ball 1-2: Ball 2-2: Fly out, F9 (Line Drive, 9)
|
Batting: LHB Fernando Camacho
|
0-0: Ball 1-0: SINGLE (Groundball, 4D)
|
Pinch Hitting: SHB Richard Bowman
|
0-0: Ball 1-0: Ball 2-0: Ball 3-0: Called Strike 3-1: Base on Balls Fernando Camacho to second
|
Batting: RHB Carlos Pérez
|
0-0: Ball 1-0: Foul Ball, location: 2F 1-1: Called Strike 1-2: Ball 2-2: 3-RUN HOME RUN (Flyball, 8LXD), Distance : 431 ft
|
Batting: LHB Enrique Valentín
|
0-0: Called Strike 0-1: Ball 1-1: Ground out 4-3 (Groundball, 4)
|
Top of the 9th over - 3 run(s), 2 hit(s), 0 error(s), 0 left on base; Houston 4 - Calgary 1 |
BOTTOM OF THE 9TH |
Calgary Cowboys batting - Pitching for Houston Hammertime : RHP Jun Kawashima
|
Now at C: Ánibal Pérez
|
|
Now at 3B: Pat Jones
|
|
Now at SS: Richard Bowman
|
|
Batting: RHB Dan Wyatt
|
0-0: Ball 1-0: Ball 2-0: Ball 3-0: Base on Balls
|
Pitching: RHP José Ortíz
|
|
Batting: LHB Freddy Herrera
|
0-0: Ball 1-0: Called Strike 1-1: Called Strike 1-2: Ball 2-2: Strikes out swinging
|
Batting: LHB Miguel Pérez
|
0-0: Ball 1-0: Swinging Strike 1-1: Foul Ball, location: 2F 1-2: Ball 2-2: Foul Ball, location: 2F 2-2: Ball 3-2: Strikes out swinging
|
Batting: RHB Mario Sánchez
|
0-0: Called Strike 0-1: Swinging Strike 0-2: Ball 1-2: Ball 2-2: Strikes out looking
|
Bottom of the 9th over - 0 run(s), 0 hit(s), 0 error(s), 1 left on base; Houston 4 - Calgary 1 |
|